 Dungeon Crawl Stone Soup version 0.17-a0-1667-g4ca74a1 (webtiles) character file.

14860 pipel the Grappler (level 11, -15/122 HPs)
             Began as a Troll Chaos Knight on Aug 17, 2015.
             Demolished by Kirke the iron troll (16 damage)
             ... on level 12 of the Dungeon.
             The game lasted 00:47:53 (10168 turns).

pipel the Grappler (Troll Chaos Knight)            Turns: 10168, Time: 00:47:55

Health: -15/122    AC:  0    Str: 30    XL:     11   Next: 94%
Magic:  11/11      EV: 19    Int:  8    God:    Xom [*.....]
Gold:   832        SH:  0    Dex: 11    Spells: 2 memorised, 7 levels left

rFire  . . .     SeeInvis .       - Unarmed
rCold  . . .     Clarity  +     (armour currently unavailable)
rNeg   . . .     SustAt   .     (shield currently unavailable)
rPois  .         Gourm    +     (helmet currently unavailable)
rElec  .         Spirit   .     (cloak currently unavailable)
rCorr  .         Warding  .     (gloves unavailable)
rMut   .         Stasis   .     (boots unavailable)
MR     .....                    o - amulet of clarity
Stlth  +.........               (ring currently unavailable)
                                (ring currently unavailable)

@: mighty, about to teleport, pig-form, very slightly contaminated, slowed, not
resistant to hostile enchantments, very unstealthy
A: unfitting armour, (claws 0), (icy blue scales 0), agile 1, breathe flames 1,
fast metabolism 3, gourmand, mutation resistance 1, regeneration 2, robust 1,
(shaggy fur 0), (tough skin 0)
a: Renounce Religion, Breathe Fire


You were on level 12 of the Dungeon.
You worshipped Xom.
You were a special plaything of Xom.
You were hungry.
You were a filthy swine.
You visited 1 branch of the dungeon, and saw 12 of its levels.

You collected 969 gold pieces.
You spent 137 gold pieces at shops.

Inventory:

Hand weapons
 u - a +1 war axe of electrocution
 M - the +9 war axe "Kias Tiu" {chop, +Blink}
   (You found it on level 12 of the Dungeon)

   It inflicts extra damage upon your enemies.
   It lets you blink.
 W - the +9 dagger of Wyrd {drain, rElec rN+}
   (You found it on level 12 of the Dungeon)

   A truly terrible weapon, it drains the life of those it strikes.
   It insulates you from electricity.
   It protects you from negative energy.
Missiles
 c - 7 javelins of returning
 d - 2 steel javelins (quivered)
 p - 21 poisoned needles
 r - 14 tomahawks
 K - 2 large rocks
 O - 52 arrows
 V - 8 javelins
Armour
 g - a +1 hat (melded)
 Q - a +1 cloak of poison resistance (melded)
 S - a +0 troll leather armour (melded)
Jewellery
 f - a ring of flight (melded)
 k - a ring of see invisible (melded)
 o - an amulet of clarity (around neck)
Magical devices
 s - a wand of cold (9)
 x - a wand of magic darts (37)
 y - a wand of random effects (25)
 D - a wand of lightning (3)
 H - a wand of polymorph (11)
 P - a wand of magic darts (27)
 R - a wand of fireball (6)
 T - a wand of lightning (7)
 Z - a wand of flame (37)
Scrolls
 l - 3 scrolls of identify
 v - 6 scrolls of remove curse
 w - 5 scrolls of fear
 A - 2 scrolls of blinking
 C - 2 scrolls of magic mapping
 E - a scroll of amnesia
 F - 2 scrolls of recharging
 L - 2 scrolls of fog
 U - 2 scrolls of enchant weapon
Potions
 e - a potion of heal wounds
 h - 2 potions of agility
 z - 2 potions of invisibility
 B - 2 potions of ambrosia
 I - 2 potions of lignification
Books
 a - a book of Envenomations

   Spells                             Type                      Level
   a - Spider Form                    Transmutation/Poison         3
   b - Alistair's Intoxication        Transmutation/Poison         4
   c - Olgreb's Toxic Radiance        Poison                       4
   d - Poisonous Cloud                Conjuration/Poison/Air       6
 m - a book of Enchantments

   Spells                             Type                      Level
   a - Cause Fear                     Hexes                        4
   b - Silence                        Hexes/Air                    5
   c - Deflect Missiles               Charms/Air                   6
   d - Haste                          Charms                       6
   e - Discord                        Hexes                        8
 N - Xom's Catalogue of the Mind
   (Xom gifted it to you on level 8 of the Dungeon)

   Spells                             Type                      Level
   a - Shock                          Conjuration/Air              1
   b - Sticks to Snakes               Transmutation                2
   c - Ignite Poison                  Fire/Transmutation/Poison    3
   d - Irradiate                      Conjuration/Transmutation    5
   e - Conjure Ball Lightning         Conjuration/Air              6
 Y - a book of Minor Magic

   Spells                             Type                      Level
   a - Magic Dart                     Conjuration                  1
   b - Blink                          Translocation                2
   c - Call Imp                       Summoning                    2
   d - Repel Missiles                 Charms/Air                   2
   e - Slow                           Hexes                        2
   f - Conjure Flame                  Conjuration/Fire             3
   g - Mephitic Cloud                 Conjuration/Poison/Air       3
Miscellaneous
 G - a stone of tremors (inert)
Comestibles
 b - 11 bread rations
 i - 7 beef jerkies
 n - 9 fruits
 q - 7 meat rations
 t - 9 slices of pizza
 X - 4 chunks of flesh


   Skills:
 + Level 7.8 Fighting
 + Level 5.4 Throwing
 + Level 2.6 Armour
 + Level 9.5 Dodging
 + Level 11.0 Unarmed Combat
 + Level 0.8 Spellcasting
 + Level 1.5 Translocations
 - Level 2.1 Transmutations
 + Level 1.0 Evocations


You had 7 spell levels left.
You knew the following spells:

 Your Spells              Type           Power        Failure   Level  Hunger
a - Sticks to Snakes      Trmt           #.........   30%         2    ###....
b - Blink                 Tloc           N/A          34%         2    ###....


Dungeon Overview and Level Annotations

Branches:
Dungeon (12/15)            Temple (0/1) D:6            Lair (0/8) D:8
    Orc (0/4) D:10

Altars:
Cheibriados
Elyvilon
Qazlal
Sif Muna
Trog
Xom
The Shining One

Shops:
D:7 }   D:8 ?

Annotations:
D:12 Kirke


Innate Abilities, Weirdness & Mutations

You are too large for most types of armour.
((You have claws for hands.))
Your metabolism is lightning-fast.
You like to eat raw meat.
You heal very quickly.
((You are covered in thick fur (AC +2).))
((You have very tough skin (AC +2).))
((You are partially covered in icy blue scales (AC +1).))
You are agile. (Dex +2)
You can breathe flames.
You are somewhat resistant to further mutation.
You are robust (+10% HP).


Message History

The orc warrior hits you from afar with a glaive!
Kirke throws some strange powder.
Kirke misses you. Kirke claws you. Kirke closely misses you.
Read which item? (? for menu, Esc to quit)
Okay, then.
You can't do that in your present form.
Evoke which item? (* to show all) (? for menu, Esc to quit)
You have no means to grasp a wand firmly enough.
Read which item? (? for menu, Esc to quit)
Okay, then.
Read which item? (? for menu, Esc to quit)
As you read the scroll of teleportation, it crumbles to dust.
You feel strangely unstable. The orc warrior misses you. Kirke bites you!
* * * LOW HITPOINT WARNING * * *
Kirke claws you!!
* * * LOW HITPOINT WARNING * * *
Xom roars with laughter!
Kirke claws you!
You die...
Xom chortles!

#...#.##...
#[))....##.
.#####..##....#.
#.>..(...........
#######....#...#.
###########.##.#####.
..####)ho§.......##.#
#.
.)..#.#T##########.#
#. ...#o##h# #.# # #
o ..h..### #.# ##.
.h... #.# #.. ....H##
#.# #... ####†..#
#.#.# #)##
#....######..#
#....(......#.#
#....#.###.#.#..


You could see Kirke the iron troll, a hog and an orc warrior.

Vanquished Creatures
  2 unseen horrors
  2 hill giants
  The ghost of Promi the Destroyer, an experienced DECj of Vehumet (D:5)
  An ugly thing (D:11)
  A cyclops (D:12)
  A gargoyle (D:10)
  The ghost of Trustington the Thaumaturge, an experienced DECj of Vehumet (D:6)
  A fire drake (D:8)
  3 trolls
  A shadow (D:12)
  2 hogs
  Sigmund (D:2)
  A wyvern (D:9)
  2 hippogriffs (D:12)
  A steam dragon (D:11)
  A human (D:7)
  3 hungry ghosts
  3 vampire mosquitoes (D:12)
  10 yaks
  2 sky beasts
  2 water moccasins
  An ice beast (D:5)
  5 orc warriors
  6 ogres
  The ghost of temujin the Shield-Bearer, an average MiFi (D:3)
  A black bear (D:11)
  2 eyes of draining
  A necrophage (D:10)
  2 phantoms
  7 big kobolds
  5 centaurs
  A crocodile (D:10)
  7 giant frogs
  A gnoll sergeant (D:10)
  3 scorpions
  A water moccasin skeleton (D:8)
  2 wyvern skeletons
  13 wights
  5 crimson imps
  A giant frog zombie (D:7)
  3 centaur skeletons
  6 hounds
  5 worker ants
  A centaur zombie (D:7)
  3 jellies (D:9)
  9 iguanas
  8 orc priests
  Ijyb (D:2)
  5 orc wizards
  A giant frog skeleton (D:9)
  3 sheep
  2 hound skeletons
  9 gnolls
  7 shadow imps
  9 adders
  2 oozes
  3 worms
  9 giant geckos
  69 orcs
  4 ball pythons
  6 giant cockroaches
  13 hobgoblins
  11 jackals
  51 kobolds
  5 quokkas
  5 bats
  11 giant newts
  3 goblins
  A quokka skeleton (D:4)
  A quokka zombie (D:6)
  6 rats
379 creatures vanquished.

Vanquished Creatures (collateral kills)
  A big kobold (D:3)
  A giant gecko (D:3)
  An orc (D:12)
  A hobgoblin (D:3)
  2 kobolds (D:3)
6 creatures vanquished.

Vanquished Creatures (others)
  A giant frog (D:6)
  A fulminant prism (D:6)
2 creatures vanquished.

Grand Total: 387 creatures vanquished

Notes
Turn   | Place    | Note
--------------------------------------------------------------
     0 | D:1      | pipel the Troll Chaos Knight began the quest for the Orb.
     0 | D:1      | Reached XP level 1. HP: 22/22 MP: 0/0
    38 | D:1      | XOM: potion effect (might)
   298 | D:1      | XOM: harmless Chrm miscast
   358 | D:1      | Reached XP level 2. HP: 29/29 MP: 1/1
   604 | D:2      | Reached XP level 3. HP: 32/37 MP: 2/2
   804 | D:2      | Noticed Ijyb
   813 | D:2      | Killed Ijyb
   946 | D:2      | Found a deep blue altar of Sif Muna.
   974 | D:2      | Reached XP level 4. HP: 43/45 MP: 3/3
  1018 | D:2      | XOM: colour smoke trail
  1076 | D:2      | XOM: divination: detect items
  1473 | D:2      | Noticed Sigmund
  1482 | D:2      | XOM: divination: detect creatures
  1485 | D:2      | Killed Sigmund
  1485 | D:2      | Reached skill level 4 in Unarmed Combat
  1485 | D:2      | Reached XP level 5. HP: 50/54 MP: 4/4
  1875 | D:3      | Reached XP level 6. HP: 62/62 MP: 5/5
  1909 | D:3      | Reached skill level 1 in Throwing
  1963 | D:3      | Noticed temujin's ghost (average MiFi)
  1984 | D:3      | Killed temujin's ghost
  1994 | D:3      | XOM is BORED!
  1994 | D:3      | XOM: harmless Trmt miscast
  2157 | D:3      | XOM: scenery: create altars
  2242 | D:3      | XOM: give mutations
  2242 | D:3      | Gained mutation: You are agile. (Dex +2) [Xom's grace]
  2242 | D:3      | Gained mutation: You are very agile. (Dex +4) [Xom's grace]
  2302 | D:3      | XOM: silly message
  2307 | D:3      | XOM: summons 2 friendly demons
  2519 | D:3      | Reached XP level 7. HP: 70/70 MP: 6/6
  2606 | D:3      | XOM: 1-stop teleportation journey
  2636 | D:3      | XOM: mild Air miscast
  2644 | D:3      | XOM: noise
  2931 | D:3      | Reached skill level 5 in Unarmed Combat
  2938 | D:3      | XOM: summons friendly shadow imp
  2961 | D:3      | XOM: polymorph kobold -> giant gecko
  2963 | D:3      | XOM: potion effect (brilliance)
  2964 | D:3      | XOM: confuse monster(s)
  2971 | D:3      | Reached skill level 5 in Dodging
  3008 | D:3      | XOM: summons 3 hostile demons
  3215 | D:4      | XOM: noise
  3311 | D:4      | Reached XP level 8. HP: 52/79 MP: 7/7
  3579 | D:4      | XOM: vitrification
  3779 | D:4      | Reached skill level 6 in Unarmed Combat
  3796 | D:4      | Found a stormy altar of Qazlal.
  4004 | D:5      | Entered Level 5 of the Dungeon
  4097 | D:5      | XOM: mild Fire miscast
  4140 | D:5      | XOM is BORED!
  4140 | D:5      | XOM: mild Tloc miscast
  4178 | D:5      | XOM: noise
  4179 | D:5      | XOM: fog
  4269 | D:5      | XOM: divination: detect items
  4504 | D:6      | XOM: butterfly on damage
  4507 | D:6      | Reached skill level 5 in Fighting
  4591 | D:6      | XOM: 7-stop teleportation journey
  4605 | D:6      | Found a staircase to the Ecumenical Temple.
  4763 | D:5      | Noticed Promi's ghost (experienced DECj)
  4777 | D:5      | Killed Promi's ghost
  4777 | D:5      | Reached skill level 7 in Unarmed Combat
  4777 | D:5      | Reached XP level 9. HP: 76/88 MP: 8/8
  4807 | D:5      | XOM: vitrification
  4860 | D:6      | XOM: polymorph worker ant -> sheep
  4887 | D:6      | XOM: 4-stop teleportation journey
  5089 | D:6      | Noticed Trustington's ghost (experienced DECj)
  5110 | D:6      | Killed Trustington's ghost
  5430 | D:6      | XOM: enchant monster (good)
  5511 | D:6      | XOM: scenery: create altars
  5629 | D:6      | XOM: god gift: stone of tremors
  5710 | D:7      | XOM: 3-stop teleportation journey
  5854 | D:7      | Reached skill level 8 in Unarmed Combat
  5897 | D:7      | XOM: cast spell 'Ring of Flames'
  6014 | D:7      | Found Nacweir's Gadget Shoppe.
  6084 | D:7      | XOM: colour smoke trail
  6231 | D:7      | XOM: polymorph orc priest -> adder
  6365 | D:7      | Reached XP level 10. HP: 88/100 MP: 9/9
  6439 | D:7      | XOM: enchant monster (good)
  6443 | D:7      | XOM: polymorph sheep -> hound
  6614 | D:8      | Found a snail-covered altar of Cheibriados.
  6616 | D:8      | XOM: 1-stop teleportation journey
  6749 | D:8      | Reached skill level 9 in Unarmed Combat
  6850 | D:8      | Found a staircase to the Lair.
  6908 | D:8      | Found a white marble altar of Elyvilon.
  6944 | D:8      | Lost mutation: You are very agile. (Dex +4) [potion of cure mutation]
  6968 | D:8      | Found a bloodstained altar of Trog.
  7004 | D:8      | XOM: scenery: 1 doors close
  7019 | D:8      | Found Gamy's Magic Scroll Shop.
  7034 | D:8      | Bought a scroll of teleportation for 33 gold pieces
  7034 | D:8      | Bought a scroll of fog for 22 gold pieces
  7034 | D:8      | Bought a scroll of vulnerability for 82 gold pieces
  7096 | D:8      | XOM: vitrification
  7218 | D:8      | XOM: give mutations
  7218 | D:8      | Gained mutation: You can breathe flames. [Xom's grace]
  7218 | D:8      | Gained mutation: You are somewhat resistant to further mutation. [Xom's grace]
  7218 | D:8      | Gained mutation: You are robust (+10% HP). [Xom's grace]
  7218 | D:8      | Gained mutation: You are covered in thick fur (AC +2). [Xom's grace]
  7285 | D:8      | XOM: god gift: droning book {god gift}
  7286 | D:8      | Identified Xom's Catalogue of the Mind (Xom gifted it to you on level 8 of the Dungeon)
  7290 | D:8      | Learned a level 2 spell: Sticks to Snakes
  7588 | D:9      | XOM: 5-stop teleportation journey
  7608 | D:9      | Reached skill level 1 in Transmutations
  7664 | D:9      | XOM: enchant monster (good)
  7776 | D:9      | Identified a scroll of acquirement
  7882 | D:9      | XOM: vitrification
  7901 | D:9      | Reached XP level 11. HP: 119/119 MP: 10/10
  8146 | D:10     | Entered Level 10 of the Dungeon
  8168 | D:10     | Noticed an unseen horror
  8171 | D:10     | Killed an unseen horror
  8171 | D:10     | Reached skill level 10 in Unarmed Combat
  8171 | D:10     | XOM: confuse monster(s)
  8275 | D:10     | XOM: god gift: scroll of fear
  8372 | D:10     | Noticed a hill giant
  8391 | D:10     | Killed a hill giant
  8496 | D:10     | XOM: god gift: 63 gold pieces
  8602 | D:10     | XOM: 2-stop teleportation journey
  8615 | D:10     | Reached skill level 1 in Armour
  8665 | D:10     | XOM: destruction
  8738 | D:10     | Found a glowing golden altar of the Shining One.
  8742 | D:10     | XOM: colour smoke trail
  8950 | D:10     | XOM: divination: detect creatures
  9036 | D:10     | Reached skill level 5 in Throwing
  9094 | D:10     | Found a staircase to the Orcish Mines.
  9384 | D:11     | XOM: medium Summ miscast
  9396 | D:11     | Gained mutation: You are partially covered in icy blue scales (AC +1). [mutagenic meat]
  9402 | D:11     | Learned a level 2 spell: Blink
  9684 | D:11     | Noticed a hill giant
  9691 | D:11     | XOM: mild Pois miscast
  9693 | D:11     | Killed a hill giant
  9881 | D:12     | Reached skill level 1 in Translocations
  9916 | D:12     | Got an ancient dagger
  9917 | D:12     | Identified the +9 dagger of Wyrd {drain, rElec rN+} (You found it on level 12 of the Dungeon)
  9944 | D:12     | XOM: harmless Conj miscast
  9952 | D:12     | Noticed an unseen horror
  9955 | D:12     | Killed an unseen horror
  9994 | D:12     | Noticed Kirke
  9999 | D:12     | XOM: silly message
 10002 | D:12     | Noticed Kirke
 10002 | D:12     | Kirke changed into Kirke the iron troll
 10028 | D:12     | Reached skill level 1 in Evocations
 10048 | D:12     | Got a crystal war axe
 10060 | D:12     | XOM: confusion
 10075 | D:12     | Identified the +9 war axe "Kias Tiu" {chop, +Blink} (You found it on level 12 of the Dungeon)
 10131 | D:12     | Reached skill level 11 in Unarmed Combat
 10146 | D:12     | XOM: harmless Pois miscast
 10156 | D:12     | XOM: smoke on damage
 10168 | D:12     | HP: 1/122 [Kirke the iron troll (22)]
 10168 | D:12     | Demolished by Kirke the iron troll

Vault maps used:
D:1:      matt_arrival_debris
D:2:      lemuel_blue_sif_altar, uniq_iyjb, uniq_sigmund
D:3:      minmay_goblin_kobold_castle, first_bread
D:4:      kennysheep_little_box
D:6:      minmay_temple_entry_crystal_x, minmay_lizard_king
D:7:      serial_shops, shop, grunt_livestock
D:8:      elyvilon_altar_4, overflow_temple_1_default, lair_0_dummy,
          serial_shops, nicolae_shop_crystal, grunt_ministairs_1,
          trog_butcher_becter
D:9:      grunt_ministairs_3
D:10:     hiddenorc2_lemuel, lemuel_tele_altar
D:12:     uniq_kirke

Action                   |  1- 3 |  4- 6 |  7- 9 | 10-12 || total
-------------------------+-------+-------+-------+-------++-------
Melee: Unarmed           |    69 |   173 |   391 |   510 ||  1143
Throw: Javelin           |     4 |     1 |    36 |    62 ||   103
 Cast: Sticks to Snakes  |       |       |       |     6 ||     6
       Blink             |       |       |       |     1 ||     1
Evoke: Wand              |       |       |     5 |    16 ||    21
       Stone of tremors  |       |       |       |     1 ||     1
  Use: Potion            |     4 |     7 |       |     4 ||    15
       Scroll            |     5 |     5 |     6 |    12 ||    28
 Stab: Sleeping          |     3 |       |     2 |     1 ||     6
       Confused          |       |       |     1 |       ||     1
       Petrified         |       |       |     1 |       ||     1
       Invisible         |       |       |       |     3 ||     3
       Distracted        |       |       |       |     1 ||     1
  Eat: Chunk             |    11 |    17 |    38 |    51 ||   117
